 Dungeon Crawl Stone Soup version 0.22-b1-26-g9dbaab1 (webtiles) character file.

40 Lew the Skirmisher (level 3, -4/33 HPs)
             Began as a Minotaur Abyssal Knight on Aug 7, 2018.
             Was a Follower of Lugonu.
             Killed by nerve-wracking pain
             ... invoked by a shadow imp
              (9 damage)
             ... on level 2 of the Dungeon.
             The game lasted 00:06:22 (976 turns).

Lew the Skirmisher (Minotaur Abyssal Knight)         Turns: 976, Time: 00:06:23

Health: -4/33      AC:  5    Str: 17    XL:     3   Next: 30%
Magic:  3/3        EV: 11    Int:  9    God:    Lugonu [*.....]
Gold:   111        SH:  0    Dex:  9    Spells: 2/2 levels left

rFire    . . .     SeeInvis .   a - +1 falchion
rCold    . . .     Gourm    .   (no shield)
rNeg     . . .     Faith    .   e - +0 ring mail
rPois    .         Spirit   .   (helmet restricted)
rElec    .         Reflect  .   (no cloak)
rCorr    .         Harm     .   (no gloves)
MR       .....                  (no boots)
Stlth    +.........             (no amulet)
HPRegen  0.11/turn              (no ring)
MPRegen  0.08/turn              (no ring)

@: no status effects
A: retaliatory headbutt, horns 2
a: Depart the Abyss, Renounce Religion


You were on level 2 of the Dungeon.
You worshipped Lugonu.
Lugonu was aware of your devotion.
You were not hungry.

You visited 1 branch of the dungeon, and saw 2 of its levels.
You visited the Abyss 1 time.

You collected 111 gold pieces.

Inventory:

Hand Weapons
 a - a +1 falchion (weapon)
Armour
 e - a +0 ring mail (worn)
Scrolls
 g - a scroll of teleportation
Potions
 d - 3 potions of curing
 f - a potion of lignification
Comestibles
 c - 4 rations


   Skills:
 * Level 4.1 Fighting
 * Level 3.0 Long Blades
 + Level 2.7 Armour
 * Level 1.9 Dodging
 * Level 1.0 Stealth
 - Level 1.7 Invocations


You had 2 spell levels left.
You didn't know any spells.
Your spell library was empty.

Dungeon Overview and Level Annotations

Branches:
Dungeon (2/15)

Altars:
Fedhas


Innate Abilities, Weirdness & Mutations

You reflexively headbutt those who attack you in melee.
You have a pair of horns on your head.


Message History

The shadow imp hits you but does no damage.
You see here 10 gold pieces.
The shadow imp gestures at you. Pain shoots through your body!
* * * LOW HITPOINT WARNING * * *
You see here 27 arrows.
There is a transporter here.
You enter the transporter and appear at another place.
The shadow imp hits you.
* * * LOW HITPOINT WARNING * * *
The shadow imp laughs crazily.
The shadow imp gestures at you.
You barely resist.
The shadow imp disappears for a moment.
The shadow imp shouts, "Slither hence, thou froward dizzy-eyed mammet!"
The shadow imp picks up a beetle and eats it.
Okay, then.
The shadow imp gestures at you. Pain shoots through your body!
You die...

...# ...#
...#####
.......#
)..###.# ...#
#.# #.# <..# #.#
#.# # .### #.#
#.# #####.# .#
#.# #.# #..@..#
.# #.###.#
#5##### .#
#..##.# #.#
.#####...#.###.#
.....(.©.....#.#
...#########...#
..##8.....8##.##
..#........5#.#
..#..#.©.#..#.#


You could see a shadow imp.

Vanquished Creatures
  An ooze (D:1)
  An adder skeleton (D:2)
  3 dart slugs (D:1)
  2 giant cockroaches (D:1)
  5 hobgoblins
  A ball python (D:2)
  3 bats (D:1)
  A frilled lizard (D:1)
  A goblin (D:1)
  A jackal zombie (D:2)
  7 kobolds
  2 rats (D:1)
28 creatures vanquished.

Notes
Turn   | Place    | Note
-------+----------+-------------------------------------------
     0 | Abyss:1  | Lew the Minotaur Abyssal Knight began the quest for the Orb.
     0 | Abyss:1  | Reached XP level 1. HP: 19/19 MP: 1/1
     3 | D:1      | Escaped the Abyss
    27 | D:1      | Reached XP level 2. HP: 26/27 MP: 2/2
   169 | D:1      | Reached * piety under Lugonu
   665 | D:1      | Reached skill level 4 in Fighting
   665 | D:1      | Reached skill level 1 in Stealth
   665 | D:1      | Reached XP level 3. HP: 33/33 MP: 3/3
   842 | D:2      | Found a transporter.
   870 | D:2      | Found a blossoming altar of Fedhas.
   891 | D:2      | Found a transporter.
   976 | D:2      | Killed from afar by a shadow imp

Skill      XL: |  1  2  3 |
---------------+----------+-----
Fighting       | 4 |  4.1
Stealth        | 1 |  1.0
Long Blades    | 3 |  3.0
Armour         | |  2.7
Dodging        | |  1.9
Invocations    | |  1.7

Action                   || total
-------------------------++-------
Melee: Falchion          ||    52
       Headbutt          ||    14
Invok: Depart the Abyss  ||     1
  Use: Scroll            ||     3
Armor: Leather armour    ||     3
       Ring mail         ||    22
Dodge: Dodged            ||    42
       Rpst.: Falchion   ||    13
